 Dungeon Crawl Stone Soup version 0.31-a0-145-g046c7d2549 (console) character file.

Game seed: 8360298619901484304

858 Ignak the Ogre Mage (level 8, -1/75 HPs)
             Began as an Ogre Hedge Wizard on June 5, 2023.
             Was a Follower of Okawaru.
             Succumbed to a water moccasin's poison
             ... on level 4 of the Dungeon.
             The game lasted 00:08:59 (4596 turns).

Ignak the Ogre Mage (Ogre Hedge Wizard)             Turns: 4596, Time: 00:09:00

Health: -1/75      AC:  3    Str: 19    XL:     8   Next: 2%
Magic:  12/15      EV: 10    Int: 23    God:    Okawaru [*.....]
Gold:   189        SH:  0    Dex:  8    Spells: 9/17 levels left

rFire   . . .        y - +7 falchion {vamp, rCorr Str+4 SInv}
rCold   . . .        (no shield)
rNeg    . . .        b - +0 robe
rPois   .            c - +0 hat
rElec   .            (no cloak)
rCorr   +            (gloves unavailable)
SInv    +            (boots unavailable)
Will    +....        (no amulet)
Stlth   +            a - ring of willpower
HPRegen 0.32/turn    v - +6 ring of intelligence
MPRegen 0.14/turn

%: no passive effects
@: lethally poisoned (-1 -> -7), on blink cooldown
A: large, unfitting armour, tough skin 1
a: Renounce Religion, Heroism


You were on level 4 of the Dungeon.
You worshipped Okawaru.
Okawaru was aware of your devotion.
You visited 1 branch of the dungeon, and saw 4 of its levels.

You collected 189 gold pieces.

Inventory:

Hand Weapons
 h - a +2 flail of protection
 n - a +0 whip
 y - the +7 falchion of Yfawkyde (weapon) {vamp, rCorr Str+4 SInv}
   (You found it on level 4 of the Dungeon)

   Str:       It affects your strength (+4).
   SInv:      It lets you see invisible.
   rCorr:     It protects you from acid and corrosion.
Missiles
 t - 10 poisoned darts (quivered)
Armour
 b - a +0 robe (worn)
 c - a +0 hat (worn)
Magical Staves
 j - a staff of cold
Jewellery
 a - a ring of willpower (left hand)
 v - a +6 ring of intelligence (right hand)
Wands
 r - a wand of roots (8)
 u - a wand of digging (7)
 z - a wand of flame (11)
Scrolls
 e - a scroll of fog {unknown}
 f - a scroll of blinking
 g - a scroll of magic mapping {unknown}
 l - a scroll of teleportation {unknown}
 m - 2 scrolls of noise {unknown}
 o - 2 scrolls of enchant weapon {unknown}
 p - a scroll of identify {unknown}
 q - 2 scrolls of torment {unknown}
 s - a scroll of immolation {unknown}
 w - 2 scrolls of fear {unknown}
 A - a scroll of enchant armour {unknown}
Potions
 d - a potion of magic
 k - 2 potions of enlightenment {unknown}
 x - a potion of haste {unknown}


   Skills:
 + Level 3.3 Fighting
 * Level 3.0 Maces & Flails
 + Level 3.1 Dodging
 - Level 1.4 Stealth
 - Level 1.0 Unarmed Combat
 + Level 5.0 Spellcasting
 + Level 2.6 Conjurations
 - Level 1.0 Summonings
 + Level 2.4 Translocations
 - Level 2.0 Air Magic
 - Level 2.0 Poison Magic
 + Level 2.2 Invocations


You had 9 spell levels left.
You knew the following spells:

 Your Spells              Type           Power      Damage    Failure   Level
a - Magic Dart            Conj           68%        1d6       3%          1
b - Blink                 Tloc           32%        N/A       5%          2
d - Mephitic Cloud        Conj/Pois/Air  15%        N/A       12%         3
e - Call Imp              Summ           20%        N/A       10%         2

Your spell library contained the following spells:

 Spells                   Type           Power      Damage    Failure   Level
 Cigotuvi's Dreadful Rot  Necr/Pois/Air  22%        N/A       9%          2
 Slow                     Hex            20%        N/A       10%         1
 Ignite Poison            Fire/Tmut/Pois 8%         N/A       22%         3


Dungeon Overview and Level Annotations

Branches:
Dungeon (4/15)
 Temple: D:4-7

Altars:
Cheibriados
Fedhas
Gozag
Nemelex Xobeh
Okawaru
Trog
Uskayaw

Shops:
D:2 (


Innate Abilities, Weirdness & Mutations

You are too large for most types of armour.
You have tough skin. (AC +1)


Message History

The water moccasin is heavily wounded.
You feel very sick. The water moccasin bites you!
* * * LOW HITPOINT WARNING * * *
The water moccasin bites you!
* * * LOW HITPOINT WARNING * * *
Casting: Mephitic Cloud (dangerous; 12% risk of failure)
Confirm with . or Enter, or press ? or * to list all spells.
You blink.
You feel sick.
It was a potion of curing.
You feel better. The water moccasin closely misses you.
The water moccasin bites you.
* * * LOW HITPOINT WARNING * * *
You are lethally poisoned!
The water moccasin poisons you!
Okay, then.
You hit the water moccasin.
You feel better.
The water moccasin is severely wounded.
* * * LOW HITPOINT WARNING * * *
You feel very sick. The water moccasin bites you!
* * * LOW HITPOINT WARNING * * *
The water moccasin barely misses you.
You feel better.
You feel stable enough to blink again. The water moccasin bites you!
* * * LOW HITPOINT WARNING * * *
You are lethally poisoned!
The water moccasin poisons you!
Casting: Blink (safe; 5% risk of failure)
Confirm with . or Enter, or press ? or * to list all spells.
You blink.
A jackal comes into view.
* * * LOW HITPOINT WARNING * * *
You feel sick.
Blink to where?
Press: ? - help, Dir - move target 2 jackals come into view.
As you read the scroll labelled OTUJARR YVIF, it crumbles to dust.
It was a scroll of blinking.
You die...

#.# #># #.#
#.### #...#
##### ###.#
#...###### #.#
#§.....h# #.#
#S####@## #†#
#§...#h#
#######.#
####.#h#
#.......# #.#..
#.####### #.###
#.# ####.# #.#
#....# #.#
#.##.# #.#
##.###########.#


You could see 3 jackals.

Vanquished Creatures
  Pikel (D:4)
  Edmund (D:4)
  A phantom (D:3)
  A scorpion (D:4)
  An iron imp (D:4)
  Terence (D:3)
  3 adders
  2 dart slugs (D:2)
  4 worms (D:2)
  4 orcs
  4 endoplasms
  3 giant cockroaches
  5 goblins
  7 hobgoblins
  3 jackals
  A quokka (D:4)
  6 ball pythons
  3 bats
  2 frilled lizards
  7 kobolds
  5 rats
65 creatures vanquished.

Vanquished Creatures (collateral kills)
  3 goblins
  A jackal (D:1)
  A quokka (D:3)
  A bat (D:1)
6 creatures vanquished.

Grand Total: 71 creatures vanquished

Notes
Turn   | Place    | Note
-------+----------+-------------------------------------------
     0 | D:1      | Ignak the Ogre Hedge Wizard began the quest for the Orb.
     0 | D:1      | Reached XP level 1. HP: 16/16 MP: 5/5
   130 | D:1      | Reached skill level 1 in Conjurations
   250 | D:1      | Reached skill level 1 in Summonings
   250 | D:1      | Reached skill level 1 in Translocations
   389 | D:1      | Reached XP level 2. HP: 15/24 MP: 2/6
   441 | D:1      | Learned a level 2 spell: Call Imp
   450 | D:1      | Learned a level 2 spell: Blink
  1282 | D:2      | Reached XP level 3. HP: 32/32 MP: 8/8
  1286 | D:2      | Learned a level 3 spell: Mephitic Cloud
  1320 | D:2      | Reached skill level 1 in Fighting
  1410 | D:2      | Reached skill level 1 in Unarmed Combat
  1466 | D:2      | Found Uraihic's Weapon Shoppe.
  1490 | D:2      | Reached skill level 4 in Spellcasting
  1604 | D:2      | Reached XP level 4. HP: 40/41 MP: 10/10
  1902 | D:2      | Found a faded altar of an unknown god.
  2641 | D:3      | Noticed Terence
  2651 | D:3      | Killed Terence
  2652 | D:3      | Reached skill level 1 in Maces & Flails
  2925 | D:3      | Found a blossoming altar of Fedhas.
  3238 | D:3      | Found a sparkling altar of Nemelex Xobeh.
  3445 | D:3      | Found an opulent altar of Gozag.
  3445 | D:3      | Found a faded altar of an unknown god.
  3452 | D:3      | Found a hide-covered altar of Uskayaw.
  3454 | D:3      | Found a bloodstained altar of Trog.
  3456 | D:3      | Found an iron altar of Okawaru.
  3461 | D:3      | Became a worshipper of Warmaster Okawaru
  3533 | D:4      | Noticed a phantom
  3559 | D:3      | Killed a phantom
  3560 | D:3      | Reached skill level 1 in Poison Magic
  3560 | D:3      | Reached XP level 5. HP: 15/49 MP: 9/11
  3683 | D:4      | Identified the +7 falchion of Yfawkyde {vamp, rCorr Str+4
                  | SInv}
  3816 | D:4      | Noticed a lemure
  3819 | D:4      | Noticed Pikel
  3819 | D:4      | Noticed a lemure
  3819 | D:4      | Noticed a lemure
  3824 | D:4      | Noticed a lemure
  3834 | D:4      | Killed Pikel
  3834 | D:4      | Reached * piety under Okawaru
  3835 | D:4      | Reached skill level 1 in Air Magic
  3835 | D:4      | Reached skill level 1 in Invocations
  3835 | D:4      | Reached XP level 6. HP: 30/61 MP: 11/13
  3835 | D:4      | Reached XP level 7. HP: 33/67 MP: 11/14
  4068 | D:4      | Found a snail-covered altar of Cheibriados.
  4161 | D:4      | Noticed Edmund
  4179 | D:4      | Killed Edmund
  4346 | D:4      | Got the Teachings on Therianthropy and Assembling
  4437 | D:4      | Reached XP level 8. HP: 75/75 MP: 15/15
  4465 | D:4      | Reached skill level 5 in Spellcasting
  4594 | D:4      | HP: 2/75 [water moccasin (9)]
  4596 | D:4      | Succumbed to a water moccasin's poison

Illustrated notes

Levels and vault maps discovered:
D:1:      dpeg_arrival_rooms_with_view, layout_basic, minivault_24
D:2:      layout_basic, hellmonk_ecumenical_altar_heavens_door, serial_shops,
          nicolae_shop_bloodbath_and_beyond, st_stairs_6, minmay_circle_x
D:3:      layout_basic, nemelex_xobeh_ov_fountains_minmay, lemuel_crystal_altar,
          chequers_temple_overflow_minitemple, minmay_misc_feat_tiny,
          uniq_terence
D:4:      layout_basic, slow_altar_1, grunt_decor_junction, uniq_pikel,
          uniq_edmund

Skill      XL: |  1  2  3  4  5  6  7  8 |
---------------+-------------------------+-----
Conjurations   | 1 2 |  2.6
Summonings     | 1 |  1.0
Translocations | 1 2 |  2.4
Dodging        | 2 3 |  3.1
Fighting       | 1 3 |  3.3
Unarmed Combat | 1 |  1.0
Spellcasting   | 4 5 |  5.0
Maces & Flails | 1 2 3 |  3.0
Poison Magic   | 1 2 |  2.0
Air Magic      | 1 2 |  2.0
Invocations    | 1 2 |  2.2
Stealth        | |  1.4

Action                     |  1- 3 |  4- 6 |  7- 9 || total
---------------------------+-------+-------+-------++-------
  Melee: Dagger            |    12 |       |       ||    12
         Unarmed           |    39 |       |       ||    39
         Staff             |    13 |       |       ||    13
         Club              |    11 |       |       ||    11
         Whip              |     2 |       |       ||     2
         Flail             |    44 |    73 |       ||   117
         Falchion          |       |    25 |    49 ||    74
   Cast: Magic Dart        |    19 |       |       ||    19
         Call Imp          |     9 |     4 |       ||    13
         Mephitic Cloud    |       |     1 |     1 ||     2
         Blink             |       |     1 |     2 ||     3
    Use: Potion            |       |       |     2 ||     2
         Scroll            |       |       |     1 ||     1
   Stab: Sleeping          |     1 |     1 |     2 ||     4
         Confused          |       |     1 |     2 ||     3
         Distracted        |       |     1 |       ||     1
 Armour: Robe              |    61 |    30 |     5 ||    96
  Dodge: Dodged            |    66 |    56 |    26 ||   148

Table legend: (Time is in decaauts)
 A = Elapsed time spent in this place.
 B = Non-inter-level travel time spent in this place.
 C = Inter-level travel time spent in this place.
 D = Time resting spent in this place.
 E = Time spent auto-exploring this place.
 F = Levels seen in this place.
 G = Mean time per level.
                   A        B        C        D        E       F      G
               +--------+--------+--------+--------+--------+-----+--------+
         Total |   4665 |   4578 |     87 |    575 |   2794 |   4 | 1166.2 |
       Dungeon |   4665 |   4578 |     87 |    575 |   2794 |   4 | 1166.2 |
               +--------+--------+--------+--------+--------+-----+--------+

Top non-repeatable levels by time:
     D:3: 1298 daAuts
     D:2: 1259 daAuts
     D:1: 1167 daAuts
     D:4: 939 daAuts
